 Dungeon Crawl Stone Soup version 0.21.0-3-g78d12a8 (webtiles) character file.

233276 Gorice the Impaler (level 18, -5/142 HPs)
             Began as a Demonspawn Wanderer on Jan 13, 2018.
             Was the Champion of Makhleb.
             Slain by a very large slime creature (45 damage)
             ... on level 2 of the Vaults on Jan 14, 2018.
             The game lasted 03:58:31 (42062 turns).

Gorice the Impaler (Demonspawn Wanderer)           Turns: 42062, Time: 03:58:32

Health: -5/142     AC: 29    Str: 23    XL:     18   Next: 84%
Magic:  28/28      EV: 22    Int: 22    God:    Makhleb [******]
Gold:   1968       SH:  0    Dex: 19    Spells: 13/23 levels left

rFire    . . .     SeeInvis .   a - +2 glaive (venom)
rCold    . . .     Gourm    .   (shield currently unavailable)
rNeg     . . .     Faith    .   k - +5 swamp dragon scales of Death Resistance {rPois Int+7}
rPois    +         Spirit   .   (helmet unavailable)
rElec    .         Reflect  .   S - +2 cloak {rPois}
rCorr    .         Harm     .   r - +2 pair of gloves
MR       ++...                  o - +2 pair of boots
Stlth    +++.......             T - amulet of regeneration
HPRegen  0.73/turn              m - ring of protection from magic
MPRegen  0.21/turn              p - ring of Pejy {+Blink AC+3 Str+4}

@: no status effects
A: horns 3, thin skeletal structure 3, foul stench 1, powered by death 2, rot
immunity
}: 1/15 runes: serpentine
a: Minor Destruction, Lesser Servant of Makhleb, Major Destruction, Greater
Servant of Makhleb, Renounce Religion, Evoke Blink


You were on level 2 of the Vaults.
You worshipped Makhleb.
Makhleb was exalted by your worship.
You were not hungry.

You visited 7 branches of the dungeon, and saw 33 of its levels.
You also visited: Labyrinth and Ice Cave.

You collected 3018 gold pieces.
You spent 1050 gold pieces at shops.

Inventory:

Hand Weapons
 a - a +2 glaive of venom (weapon)
   (You took it off Urug on level 4 of the Lair of Beasts)
 b - a +2 glaive of chopping
   (You took it off a salamander on level 4 of the Snake Pit)
Missiles
 v - 8 needles of confusion
 z - 5 poisoned tomahawks (quivered)
 J - 16 javelins
 Z - 6 throwing nets {!f}
Armour
 k - the +5 swamp dragon scales of Death Resistance (worn) {rPois Int+7}
   (You found it on level 12 of the Dungeon)

   It affects your intelligence (+7).
   It protects you from poison.
 o - a +2 pair of boots (worn)
 r - a +2 pair of gloves (worn)
 S - a +2 cloak of poison resistance (worn)
   (You bought it in a shop on level 2 of the Orcish Mines)
Jewellery
 c - an uncursed ring of protection from cold
 f - the ring of Cygiy {rF+ Str+2}
   (You found it on level 2 of the Snake Pit)

   [ring of protection from fire]

   It affects your strength (+2).
   It protects you from fire.
 i - an uncursed ring of see invisible
 m - a ring of protection from magic (left hand)
 n - an uncursed ring of positive energy
 p - the ring of Pejy (right hand) {+Blink AC+3 Str+4}
   (You found it on level 6 of the Dungeon)

   [ring of protection]

   It affects your AC (+3).
   It affects your strength (+4).
   It lets you blink.
 C - an uncursed ring of resist corrosion
 F - an uncursed ring of flight
 T - an amulet of regeneration (around neck)
Wands
 e - a wand of paralysis (24)
 D - a wand of clouds (10)
 H - a wand of digging (15)
 K - a wand of scattershot (7)
 N - a wand of iceblast (20)
 V - a wand of acid (12)
Scrolls
 d - 6 scrolls of fog
 h - 2 scrolls of magic mapping {!r}
 l - 13 scrolls of teleportation {!r}
 w - 4 scrolls of identify
 L - 7 scrolls of remove curse
 M - 3 scrolls of blinking
 O - 5 scrolls of fear {!r}
Potions
 j - 6 potions of haste {!q}
 q - a potion of cancellation {!q}
 s - 3 potions of heal wounds {!q}
 t - 10 potions of curing
 u - a potion of agility {!q}
 A - a potion of resistance {!q}
 E - 2 potions of invisibility {!q}
 G - 5 potions of might {!q}
 U - 2 potions of berserk rage
Comestibles
 g - 6 chunks of flesh
 x - 68 rations


   Skills:
 + Level 12.9 Fighting
 + Level 19.2 Polearms
 - Level 1.0 Throwing
 - Level 13.0 Armour
 - Level 13.1 Dodging
 - Level 3.0 Spellcasting
   Level 1.0 Conjurations
   Level 1.0 Air Magic
 - Level 14.5 Invocations
 - Level 12.0 Evocations


You had 13 spell levels left.
You knew the following spells:

 Your Spells              Type           Power        Failure   Level  Hunger
p - Portal Projectile     Hex/Tloc       #.....       45%         3    ###....
w - Spectral Weapon       Hex/Chrm       #.......     45%         3    ###....
A - Apportation           Tloc           #.....       17%         1    None
R - Regeneration          Chrm/Necr      #.........   45%         3    ###....


Dungeon Overview and Level Annotations

Branches:
Dungeon (15/15)            Temple (1/1) D:6            Lair (6/6) D:8
 Shoals (3/4) Lair:3        Snake (4/4) Lair:4        Slime (0/5) Lair:5
    Orc (2/2) D:10            Elf (0/3) Orc:2        Vaults (2/5) D:14
 Depths (0/5) D:15
  Crypt: Vaults:2-3

Altars:
Ashenzari
Cheibriados
Dithmenos
Elyvilon
Fedhas
Gozag
Hepliaklqana
Kikubaaqudgha
Makhleb
Nemelex Xobeh
Okawaru
Qazlal
Ru
Sif Muna
Trog
Uskayaw
Vehumet
Wu Jian
Xom
Yredelemnul
Zin
The Shining One
Jiyva

Shops:
Orc:2 %([*:   Shoals:2 =   Shoals:3 *   Snake:1 }}=   Snake:4 :

Annotations:
Snake:2 pUX: Roxy, exclusion: Roxanne, Roxanne


Innate Abilities, Weirdness & Mutations

You have a pair of large horns on your head.
You have an unnaturally thin skeletal structure. (Dex +6, Stealth++)
You may emit foul miasma when damaged in melee.
You regenerate health from kills.
You are immune to rotting.


Message History

You slash the slime creature!
The slime creature looks as sick as possible!
The slime creature is heavily wounded.
The slime creature completely misses you.
You barely miss the slime creature.
The slime creature is heavily wounded.
Two slime creatures merge to form a large slime creature.
You slash the large slime creature! You headbutt the large slime creature!
The large slime creature is heavily wounded.
Two slime creatures merge to form a very large slime creature.
You slice the very large slime creature!!
You headbutt the very large slime creature!
The very large slime creature is severely wounded.
The very large slime creature hits you!!!
The very large slime creature looks sick.
Damage: 38 (max 38)
You hit the very large slime creature but do no damage.
You headbutt the very large slime creature!
The very large slime creature is severely wounded.
The very large slime creature hits you!!!
* * * LOW HITPOINT WARNING * * *
Damage: 48 (max 48)
You are too injured to fight recklessly!
You are too injured to fight recklessly!
You are too injured to fight recklessly!
You are too injured to fight recklessly!
You are too injured to fight recklessly!
There is an open door, spattered with blood here.
A two-headed ogre comes into view. It is wielding two giant clubs.
The two-headed ogre shouts in stereo!
The ogre completely misses you. The ogre closely misses you.
There is an open door here.
The very large slime creature hits you!!!
* * * LOW HITPOINT WARNING * * *
There is an open door, spattered with blood here.
Damage: 38 (max 48)
The ogre mage casts a spell.
The ogre mage flickers and vanishes!
Deactivating autopickup; reactivate with Ctrl-A.
There is an open door here.
There is an open door here.
The very large slime creature looks more healthy.
A spiny frog comes into view.
There is an open door here.
A very large slime creature splits.
The spiny frog changes into a spriggan!
Two slime creatures merge to form a very large slime creature.
The very large slime creature hits you!!!
You die...

..........................
...........................
...............................
...............................
...............................
####'##...i....................
......#.....O..................
......#.########J..............
......#.# #@..............
......#(# #...............
......#.# #.......########
......#.# #.......#......#
#######.# #.......'......# ..#
#.......#......# ..#
#...)...#......# ## ..#
#.......#......# .###
'###.......#......#


You could see a very large slime creature.

Vanquished Creatures
  Asterion (Snake:1)
  A kraken (Shoals:2)
  An orc warlord (Orc:2)
  A frost giant (IceCv)
  7 nagarajas (Snake:4)
  6 vault wardens (Vaults:1)
  Aizul (Lair:4)
  The ghost of Swippen the Quickloader, a journeyman GnHu of Elyvilon (Lair:6)
  2 ironheart preservers (Vaults:1)
  3 very ugly things
  2 entropy weavers (Lair:6)
  The ghost of melvinkitnick the Carver, a journeyman DsGl of Trog (D:13)
  Azrael (D:12)
  An ettin (Vaults:1)
  A minotaur (Lab)
  2 fire dragons
  A rakshasa (Vaults:1)
  2 merfolk impalers (Shoals:2)
  3 yaktaur captains
  A great orb of eyes (Vaults:1)
  A vault guard (Vaults:1)
  9 hydras
  4 anacondas
  18 naga warriors
  Fannar (D:8)
  A catoblepas (Lair:6)
  A merfolk avatar (Shoals:2)
  2 dancing weapons (D:14)
  5 centaur warriors
  A queen ant (Lair:6)
  2 merfolk aquamancers
  20 two-headed ogres
  3 satyrs
  Urug (Lair:4)
  5 ogre magi (Vaults:1)
  4 death yaks
  4 orc high priests
  15 naga sharpshooters
  4 shock serpents
  The ghost of Setanta the Fighter, a novice GnWn of Okawaru (D:9)
  2 salamander mystics
  A swamp dragon (Lair:6)
  5 skeletal warriors (D:15)
  2 unseen horrors
  6 naga ritualists
  6 sea snakes
  5 ironbrand convokers (Vaults:1)
  2 lindwurms (Lair:6)
  3 harpies (Shoals:2)
  10 mana vipers
  9 orc knights
  3 deep elf magi
  5 ugly things
  6 orc sorcerers
  14 fauns
  11 cyclopes
  10 salamanders
  8 manticores
  A guardian serpent (Snake:3)
  17 elephants
  5 vault sentinels (Vaults:1)
  Joseph (D:7)
  5 merfolk sirens
  9 naga magi
  33 black mambas
  A water nymph (Shoals:1)
  11 spiny frogs
  An ice statue (IceCv)
  A torpor snail (Lair:6)
  A spiny frog (shapeshifter) (Vaults:1)
  A kobold demonologist (D:13)
  4 rime drakes
  A freezing wraith (D:14)
  A gargoyle (D:11)
  12 komodo dragons
  24 yaktaurs
  A harpy zombie (D:15)
  6 trolls
  11 merfolk
  A queen bee (Lair:3)
  A polar bear (shapeshifter) (Vaults:1)
  2 hornets
  6 wind drakes
  18 polar bears
  A meliai zombie (D:15)
  7 slime creatures
  11 hippogriffs
  9 dream sheep
  A hippogriff (shapeshifter) (D:14)
  22 blink frogs
  7 snapping turtles
  3 wraiths
  61 yaks
  A shadow (D:13)
  2 wyverns
  2 vampires
  9 water elementals
  A fire elemental (D:12)
  3 basilisks
  4 hogs (D:10)
  A human (D:10)
  2 hungry ghosts
  Eustachio (D:5)
  2 steam dragons (Lair:6)
  2 wargs (Vaults:1)
  3 acid dragons
  22 soldier ants (Lair:6)
  61 nagas
  7 water moccasins
  3 hell hounds (D:12)
  12 porcupines
  3 swamp drakes (Lair:6)
  2 sky beasts
  A hornet zombie (D:13)
  21 ogres
  An eye of draining (D:15)
  A phantom (D:10)
  An eye of draining (shapeshifter) (Vaults:1)
  3 ice beasts
  4 black bears (D:8)
  A necrophage (D:9)
  32 orc warriors
  An ogre (shapeshifter) (Vaults:1)
  21 centaurs
  3 boggarts (Vaults:1)
  28 wolves
  15 crocodiles
  Blork the orc (D:5)
  19 bullfrogs
  3 big kobolds
  A wyvern zombie (D:10)
  A wyvern skeleton (D:7)
  4 scorpions
  8 wights
  34 killer bees
  3 electric eels
  9 crimson imps
  3 centaur zombies
  2 howler monkeys
  A quasit (D:6)
  4 bullfrog zombies
  14 orc priests
  5 jellies
  Crazy Yiuf (D:7)
  7 hounds
  29 orc wizards
  31 worker ants
  2 hound skeletons
  A worker ant zombie (D:5)
  12 adders
  6 gnolls
  7 shadow imps
  An ooze (D:1)
  2 adder skeletons (D:4)
  An adder zombie (D:6)
  3 worms
  8 dart slugs
  11 leopard geckos
  103 orcs
  A ball python (D:1)
  7 bats
  10 giant cockroaches
  9 goblins
  11 hobgoblins
  6 iguanas
  15 jackals
  20 kobolds
  10 quokkas
  6 frilled lizards
  A goblin skeleton (D:6)
  A goblin zombie (D:6)
  A hobgoblin zombie (D:6)
  2 kobold skeletons (D:6)
  3 kobold zombies (D:6)
  A leopard gecko skeleton (D:7)
  A quokka skeleton (D:7)
  A quokka zombie (D:6)
  14 rats
  2 tentacles (Shoals:3)
1281 creatures vanquished.

Vanquished Creatures (collateral kills)
  Nikola (Snake:1)
  A shock serpent (Snake:2)
  A naga sharpshooter (Snake:1)
  2 black mambas (Snake:2)
  A naga (Snake:1)
6 creatures vanquished.

Vanquished Creatures (others)
  2 black mambas (Snake:1)
  A kobold demonologist (D:13)
  A polar bear (IceCv)
  A basilisk (Lair:6)
  A yak (IceCv)
  A sky beast (D:15)
  2 wolves (IceCv)
  49 fungi
  40 plants
  12 tentacles
110 creatures vanquished.

Grand Total: 1397 creatures vanquished

Notes
Turn   | Place    | Note
-------+----------+-------------------------------------------
     0 | D:1      | Gorice the Demonspawn Wanderer began the quest for the Orb.
     0 | D:1      | Gorice set off with: a +0 leather armour, Adafial's Incunabulum of Companions, Neul's Guide on Arcane Weapons, a +0 club, a ration, 4 throwing nets
     0 | D:1      | Reached XP level 1. HP: 15/15 MP: 4/4
     0 | D:1      | Identified Adafial's Incunabulum of Companions
     0 | D:1      | Identified Neul's Guide on Arcane Weapons
   199 | D:1      | Reached skill level 1 in Polearms
   263 | D:1      | Found a shattered altar of Ashenzari.
   304 | D:1      | Gained mutation: You have a pair of small horns on your head. [demonic ancestry]
   304 | D:1      | Reached XP level 2. HP: 18/21 MP: 6/6
   386 | D:1      | Reached skill level 2 in Polearms
   492 | D:1      | Gained mutation: You have a somewhat thin skeletal structure. (Dex +2, Stealth) [demonic ancestry]
   492 | D:1      | Reached XP level 3. HP: 19/26 MP: 7/7
   852 | D:2      | Found a basalt altar of Yredelemnul.
   910 | D:2      | Reached skill level 3 in Polearms
   958 | D:2      | Reached XP level 4. HP: 30/32 MP: 8/8
  1013 | D:2      | Found a white marble altar of Elyvilon.
  1384 | D:3      | Reached skill level 4 in Polearms
  1384 | D:3      | Gained mutation: You have a pair of horns on your head. [demonic ancestry]
  1384 | D:3      | Reached XP level 5. HP: 30/37 MP: 9/9
  1679 | D:3      | Reached skill level 5 in Polearms
  1713 | D:3      | Found a shimmering altar of Xom.
  1724 | D:3      | Gained mutation: You have a moderately thin skeletal structure. (Dex +4, Stealth+) [demonic ancestry]
  1724 | D:3      | Reached XP level 6. HP: 36/43 MP: 10/10
  1756 | D:3      | Found a stormy altar of Qazlal.
  1759 | D:3      | Found a transporter.
  1812 | D:3      | Reached skill level 1 in Armour
  2110 | D:3      | Found a blossoming altar of Fedhas.
  2218 | D:3      | Found a transporter.
  2683 | D:4      | Reached skill level 6 in Polearms
  2683 | D:4      | Reached skill level 2 in Armour
  2891 | D:4      | Found an ornate altar of the Wu Jian Council.
  2961 | D:4      | Gained mutation: You have a pair of large horns on your head. [demonic ancestry]
  2961 | D:4      | Reached XP level 7. HP: 48/48 MP: 11/11
  3170 | D:4      | Reached skill level 3 in Armour
  3491 | D:5      | Entered Level 5 of the Dungeon
  3491 | D:5      | Noticed Eustachio
  3501 | D:5      | Killed Eustachio
  3501 | D:5      | Reached skill level 7 in Polearms
  3635 | D:5      | Gained mutation: You have an unnaturally thin skeletal structure. (Dex +6, Stealth++) [demonic ancestry]
  3635 | D:5      | Reached XP level 8. HP: 31/54 MP: 12/12
  4303 | D:6      | Got a crude granite ring
  4304 | D:6      | Identified the ring of Pejy {+Blink AC+3 Str+4} (You found it on level 6 of the Dungeon)
  4340 | D:6      | Reached skill level 8 in Polearms
  4340 | D:6      | Reached skill level 4 in Armour
  4636 | D:6      | Noticed a two-headed ogre
  4803 | D:6      | Found a staircase to the Ecumenical Temple.
  4821 | Temple   | Entered the Ecumenical Temple
  4958 | Temple   | Became a worshipper of Makhleb the Destroyer
  4998 | D:6      | Reached skill level 2 in Evocations
  5264 | D:6      | Found a glowing golden altar of the Shining One.
  5593 | D:6      | Reached * piety under Makhleb
  6309 | D:5      | Noticed Blork the orc
  6318 | D:5      | Killed Blork the orc
  6318 | D:5      | Reached skill level 3 in Evocations
  6617 | D:5      | Reached skill level 9 in Polearms
  6617 | D:5      | Reached skill level 5 in Armour
  6617 | D:5      | Reached XP level 9. HP: 55/59 MP: 13/13
  6787 | D:7      | Noticed Joseph
  6807 | D:7      | Killed Joseph
  6896 | D:7      | Found a sacrificial altar of Ru.
  6920 | D:7      | HP: 15/59 [orc warrior/halberd (19)]
  6928 | D:7      | HP: 16/59 [something/puff of flame (4)]
  7167 | D:6      | Killed a two-headed ogre
  7167 | D:6      | Reached skill level 4 in Evocations
  7251 | D:6      | Reached skill level 10 in Polearms
  7349 | D:7      | Reached skill level 6 in Armour
  7413 | D:7      | Reached skill level 5 in Evocations
  7528 | D:7      | Noticed a two-headed ogre
  7556 | D:7      | Killed a two-headed ogre
  7556 | D:7      | Gained mutation: You regenerate a little health from kills. [demonic ancestry]
  7556 | D:7      | Reached XP level 10. HP: 65/65 MP: 14/14
  7944 | D:7      | Found a runed door.
  7948 | D:7      | Noticed Crazy Yiuf
  7956 | D:7      | Killed Crazy Yiuf
  8178 | D:8      | Found a staircase to the Lair.
  8255 | D:8      | Reached ** piety under Makhleb
  8365 | D:8      | Reached skill level 11 in Polearms
  8365 | D:8      | Reached skill level 6 in Evocations
  8645 | D:8      | Found a glowing golden altar of the Shining One.
  8794 | D:8      | Reached skill level 7 in Armour
  9284 | Lair:1   | Entered Level 1 of the Lair of Beasts
  9284 | Lair:1   | Noticed Fannar
  9323 | D:8      | Killed Fannar
  9509 | Lair:1   | Gained mutation: You are immune to rotting. [demonic ancestry]
  9509 | Lair:1   | Reached XP level 11. HP: 60/70 MP: 16/16
  9592 | Lair:1   | Reached skill level 7 in Evocations
 10187 | Lair:2   | Reached skill level 12 in Polearms
 10325 | Lair:2   | Reached skill level 8 in Armour
 10986 | Lair:2   | Reached skill level 8 in Evocations
 11403 | Lair:3   | Found a staircase to the Shoals.
 11850 | Lair:2   | HP: 16/70 [komodo dragon (19)]
 12072 | Lair:2   | Reached *** piety under Makhleb
 12370 | Lair:3   | Reached skill level 13 in Polearms
 12670 | Lair:3   | Reached skill level 9 in Armour
 13263 | Lair:4   | Gained mutation: You may emit foul miasma when damaged in melee. [demonic ancestry]
 13263 | Lair:4   | Reached XP level 12. HP: 78/78 MP: 18/18
 13325 | Lair:4   | Noticed a four-headed hydra
 13337 | Lair:4   | Killed a four-headed hydra
 13337 | Lair:4   | Reached skill level 2 in Fighting
 13431 | Lair:4   | Reached **** piety under Makhleb
 13490 | Lair:4   | Reached skill level 3 in Fighting
 13515 | Lair:4   | Noticed Urug
 14202 | Lair:3   | Reached skill level 4 in Fighting
 14224 | Lair:4   | Found a staircase to the Snake Pit.
 14479 | Lair:4   | Reached skill level 10 in Armour
 14707 | Lair:4   | Reached skill level 5 in Fighting
 14829 | Lair:4   | HP: 24/86 [poisoned by Urug]
 14836 | Lair:4   | Killed Urug
 15345 | Lair:5   | Reached skill level 14 in Polearms
 15471 | Lair:5   | Reached skill level 6 in Fighting
 15472 | Lair:5   | Found a frozen archway.
 15515 | IceCv    | Entered an ice cave
 15933 | IceCv    | Reached XP level 13. HP: 95/95 MP: 19/19
 15967 | IceCv    | Reached ***** piety under Makhleb
 16155 | IceCv    | Reached skill level 11 in Armour
 16193 | IceCv    | Reached skill level 7 in Fighting
 16551 | IceCv    | Noticed a frost giant
 16583 | IceCv    | HP: 28/96 [frost giant/bolt of cold (18)]
 16585 | IceCv    | Killed a frost giant
 16796 | IceCv    | Got a warped amber ring
 16880 | IceCv    | Identified the ring of Sovereignty {*Tele rC+ Str+2 Dex+2} (You found it in an ice cave)
 17767 | Lair:5   | Found a viscous altar of Jiyva.
 17768 | Lair:5   | Found a staircase to the Slime Pits.
 17832 | Lair:6   | Entered Level 6 of the Lair of Beasts
 17832 | Lair:6   | Found a labyrinth entrance.
 17850 | Lair:5   | Reached skill level 8 in Fighting
 17861 | Lab      | Entered a labyrinth
 18046 | Lab      | Noticed a minotaur
 18056 | Lab      | Killed a minotaur
 18061 | Lab      | Got a jacinth-encrusted scale mail
 18068 | Lab      | Got a warped morningstar
 18463 | Lair:6   | Noticed Swippen's ghost (journeyman GnHu)
 18525 | Lair:6   | HP: 30/100 [Swippen's ghost (9)]
 18535 | Lair:6   | HP: 29/100 [Swippen's ghost (4)]
 18542 | Lair:6   | HP: 20/100 [Swippen's ghost (5)]
 18546 | Lair:6   | Killed Swippen's ghost
 18546 | Lair:6   | Reached skill level 9 in Fighting
 18546 | Lair:6   | Reached skill level 12 in Armour
 18687 | Lair:6   | Reached skill level 2 in Dodging
 18703 | Lair:6   | Reached skill level 1 in Invocations
 18731 | Lair:6   | Reached skill level 3 in Dodging
 18731 | Lair:6   | Reached skill level 2 in Invocations
 18741 | Lair:6   | Gained mutation: You regenerate health from kills. [demonic ancestry]
 18741 | Lair:6   | Reached XP level 14. HP: 108/108 MP: 20/20
 18800 | Lair:6   | Reached skill level 3 in Invocations
 18843 | Lair:6   | Reached skill level 4 in Dodging
 18853 | Lair:6   | Reached skill level 15 in Polearms
 18977 | Lair:6   | Reached skill level 4 in Invocations
 19136 | Lair:6   | Reached skill level 5 in Dodging
 19173 | Lair:6   | Got an emerald-encrusted plate armour
 19189 | Lair:6   | Identified the +0 plate armour of Hopscotch {Str+6} (You found it on level 6 of the Lair of Beasts)
 19360 | Lair:6   | Reached skill level 5 in Invocations
 19531 | Lair:6   | Reached skill level 6 in Dodging
 19731 | Lair:6   | Reached skill level 6 in Invocations
 19735 | Lair:6   | Reached ****** piety under Makhleb
 19817 | Lair:6   | Noticed an entropy weaver
 19841 | Lair:6   | HP: 31/108 [entropy weaver (5)]
 19843 | Lair:6   | Killed an entropy weaver
 19843 | Lair:6   | Reached skill level 7 in Dodging
 19951 | Lair:6   | Noticed an entropy weaver
 19960 | Lair:6   | Killed an entropy weaver
 20062 | Lair:6   | Reached skill level 7 in Invocations
 20129 | Lair:6   | Identified Sif Muna's Almanac of Bewitching Stolen Souls
 20630 | Lair:6   | Reached skill level 8 in Dodging
 20779 | Lair:6   | Identified the +6 scale mail "Mahuegymm" {rC+ Int+2 Dex-5} (You took it off a minotaur in a labyrinth)
 20950 | Lair:1   | Learned a level 1 spell: Apportation
 20954 | Lair:1   | Learned a level 3 spell: Regeneration
 20958 | Lair:1   | Learned a level 3 spell: Spectral Weapon
 21077 | D:9      | Reached skill level 8 in Invocations
 21162 | D:9      | Noticed Setanta's ghost (novice GnWn)
 21183 | D:9      | Killed Setanta's ghost
 21560 | D:9      | Found a glowing silver altar of Zin.
 21805 | D:10     | Entered Level 10 of the Dungeon
 22302 | D:10     | Found a staircase to the Orcish Mines.
 22554 | D:11     | Reached skill level 9 in Dodging
 22720 | D:11     | Found the +5 robe of Night {Dark MR+ SInv}
 23079 | D:11     | Reached skill level 9 in Invocations
 23120 | D:11     | Reached XP level 15. HP: 113/113 MP: 21/21
 23570 | Orc:1    | Entered Level 1 of the Orcish Mines
 23926 | Orc:2    | Entered Level 2 of the Orcish Mines
 23926 | Orc:2    | Found a staircase to the Elven Halls.
 24009 | Orc:2    | Found Layzyps's Food Emporium.
 24451 | Orc:2    | Paralysed by an orc sorcerer for 5 turns
 24462 | Orc:2    | Paralysed by an orc sorcerer for 6 turns
 24829 | Orc:2    | Reached skill level 10 in Dodging
 25050 | Orc:2    | Reached skill level 16 in Polearms
 25410 | Orc:2    | Reached skill level 10 in Invocations
 25680 | Orc:2    | Noticed an orc warlord
 25700 | Orc:2    | HP: 32/113 [orc warlord/great sword of holy wrath (11)]
 25701 | Orc:2    | Killed an orc warlord
 26051 | Orc:2    | Found Dapt's General Store.
 26052 | Orc:2    | Found Lis Edap's Book Shoppe.
 26053 | Orc:2    | Found Paeddaca's Antique Armour Shoppe.
 26053 | Orc:2    | Found Tiuf's Antique Weapon Emporium.
 26069 | Orc:2    | Bought a +2 cloak of poison resistance for 296 gold pieces
 26069 | Orc:2    | Bought a scroll of identify for 32 gold pieces
 26370 | D:12     | Noticed Azrael
 26386 | D:12     | Killed Azrael
 26451 | D:12     | Found a runed door.
 27099 | D:13     | Noticed melvinkitnick's ghost (journeyman DsGl)
 27119 | D:13     | Killed melvinkitnick's ghost
 27622 | D:13     | Reached skill level 11 in Dodging
 28374 | D:14     | Reached skill level 11 in Invocations
 28937 | D:14     | Found a gate to the Vaults.
 29402 | D:15     | Entered Level 15 of the Dungeon
 29513 | D:15     | Reached skill level 12 in Dodging
 29957 | D:15     | Reached skill level 12 in Invocations
 29999 | D:15     | Found a staircase to the Depths.
 30451 | D:12     | Reached XP level 16. HP: 120/120 MP: 25/25
 30489 | D:12     | Got jewelled swamp dragon scales
 30492 | D:12     | Identified the +5 swamp dragon scales of Death Resistance {rPois Int+7} (You found it on level 12 of the Dungeon)
 30685 | Snake:1  | Entered Level 1 of the Snake Pit
 30685 | Snake:1  | Found Faizoyc's Jewellery Emporium.
 30685 | Snake:1  | Found Vimibut's Gadget Shop.
 30685 | Snake:1  | Found Orawut's Gadget Shop.
 30685 | Snake:1  | Noticed Aizul
 30700 | Lair:4   | HP: 36/120 [naga ritualist/Olgreb's Toxic Radiance (1)]
 30707 | Lair:4   | HP: 18/120 [Aizul/poison arrow (10)]
 30709 | Lair:4   | HP: 8/120 [poisoned by Aizul (poison arrow)]
 30714 | Lair:4   | HP: 8/120 [poisoned by Aizul (poison arrow)]
 30720 | Lair:4   | HP: 9/120 [poisoned by Aizul (poison arrow)]
 30726 | Lair:5   | HP: 12/120 [poisoned by Aizul (poison arrow)]
 30733 | Lair:5   | HP: 14/120 [poisoned by Aizul (poison arrow)]
 30917 | Lair:4   | Killed Aizul
 31116 | Snake:1  | Noticed Nikola
 31134 | Snake:1  | Noticed Asterion
 31149 | Snake:1  | Killed Asterion
 31149 | Snake:1  | Reached skill level 13 in Dodging
 31162 | Snake:1  | Killed Nikola
 31162 | Snake:1  | Reached skill level 13 in Invocations
 31214 | Snake:1  | Reached skill level 17 in Polearms
 32030 | Snake:2  | Noticed Roxanne
 32258 | Snake:2  | Got a smoking platinum ring
 32259 | Snake:2  | Identified the ring of Cygiy {rF+ Str+2} (You found it on level 2 of the Snake Pit)
 32621 | Snake:2  | Reached skill level 14 in Invocations
 33966 | Snake:4  | Entered Level 4 of the Snake Pit
 34073 | Snake:4  | HP: 34/120 [something (7)]
 34452 | Snake:4  | Reached XP level 17. HP: 110/125 MP: 27/27
 34481 | Snake:4  | Reached skill level 13 in Armour
 34827 | Snake:4  | Found Gyipyrch's Book Shop.
 34979 | Snake:4  | Got a pitted ring mail
 34980 | Snake:4  | Identified the +1 ring mail "Wyradekk" {rCorr Str+2} (You found it on level 4 of the Snake Pit)
 35152 | Snake:4  | Reached skill level 9 in Evocations
 35691 | Snake:4  | Reached skill level 10 in Fighting
 35718 | Snake:4  | Reached skill level 18 in Polearms
 35872 | Snake:4  | Got a serpentine rune of Zot
 36142 | Shoals:1 | Entered Level 1 of the Shoals
 36725 | Shoals:2 | Reached skill level 10 in Evocations
 37047 | Shoals:2 | Noticed a kraken
 37075 | Shoals:2 | Killed a kraken
 37414 | Shoals:2 | Learned a level 3 spell: Portal Projectile
 37429 | Shoals:2 | Found Veixavay's Jewellery Shoppe.
 37687 | Shoals:3 | Reached skill level 11 in Fighting
 37738 | Shoals:3 | Found Entitauv's General Store.
 37760 | Shoals:3 | Bought 2 potions of haste for 380 gold pieces
 37760 | Shoals:3 | Bought a potion of curing for 57 gold pieces
 37781 | Shoals:3 | HP: 28/131 [merfolk aquamancer/ball of steam (15)]
 38024 | Shoals:3 | Noticed a kraken
 38392 | Shoals:3 | Reached XP level 18. HP: 136/138 MP: 28/28
 38798 | Snake:1  | Bought an uncursed ring of see invisible for 285 gold pieces
 39002 | Vaults:1 | Entered Level 1 of the Vaults
 39144 | Vaults:1 | Reached skill level 11 in Evocations
 40099 | D:14     | Reached skill level 12 in Fighting
 40107 | D:14     | HP: 42/140 [cyan very ugly thing (22)]
 40705 | Vaults:1 | Reached skill level 12 in Evocations
 40894 | Vaults:1 | Reached skill level 19 in Polearms
 42040 | Vaults:2 | HP: 24/142 [very large slime creature (39)]
 42062 | Vaults:2 | Slain by a very large slime creature

Skill      XL: |  1  2  3  4  5  6  7  8  9 10 11 12 13 14 15 16 17 18 |
---------------+-------------------------------------------------------+-----
Polearms       | 1 2 3 4 5 6 7 9 10 11 13 14 15 16 17 18 19 | 19.2
Armour         | 2 3 5 6 7 9 10 12 13 | 13.0
Evocations     | 3 5 6 8 10 12 | 12.0
Fighting       | 6 9 11 12 | 12.9
Dodging        | 3 9 12 13 | 13.1
Invocations    | 2 9 12 14 | 14.5
Throwing       | |  1.0
Spellcasting   | |  3.0
Conjurations   | |  1.0
Air Magic      | |  1.0

Action                   |  1- 3 |  4- 6 |  7- 9 | 10-12 | 13-15 | 16-18 || total
-------------------------+-------+-------+-------+-------+-------+-------++-------
Melee: Spear             |   110 |   187 |   320 |   859 |    30 |       ||  1506
       Club              |     2 |       |       |       |       |       ||     2
       Headbutt          |     4 |    34 |    66 |   252 |   453 |   393 ||  1202
       Trident           |       |       |    11 |       |    26 |       ||    37
       Glaive            |       |       |       |    76 |  1771 |  1930 ||  3777
 Fire: Hunting sling     |       |       |     4 |       |       |       ||     4
Throw: Tomahawk          |       |       |     8 |    16 |    44 |    10 ||    78
       Javelin           |       |       |       |       |     2 |       ||     2
       Throwing net      |       |       |       |       |     1 |     2 ||     3
 Cast: Apportation       |       |       |       |       |       |     4 ||     4
Invok: Lesser Servant of |       |       |       |       |       |     2 ||     2
       Greater Servant o |       |       |       |       |       |     1 ||     1
 Abil: Evoke Blink       |       |       |     2 |       |       |     1 ||     3
Evoke: Wand              |       |       |     1 |     5 |     5 |    11 ||    22
  Use: Scroll            |     5 |     6 |     4 |    13 |    11 |     8 ||    47
       Potion            |       |       |       |     2 |     1 |     2 ||     5
 Stab: Sleeping          |     3 |     5 |       |       |       |    18 ||    26
       Distracted        |       |       |     1 |       |     1 |     4 ||     6
       Held in net/web   |       |       |       |       |     1 |       ||     1
       Paralysed         |       |       |       |       |       |     7 ||     7
  Eat: Chunk             |       |     7 |    17 |    23 |    47 |    26 ||   120
       Ration            |       |       |       |     1 |     1 |     4 ||     6
Armor: Leather armour    |    13 |     9 |       |       |       |       ||    22
       Ring mail         |       |    14 |       |       |       |       ||    14
       Chain mail        |       |    15 |    80 |    76 |       |       ||   171
       Plate armour      |       |     2 |       |   360 |   963 |       ||  1325
       Swamp dragon scal |       |       |       |       |       |   514 ||   514
Dodge: Dodged            |    57 |    43 |    51 |   206 |   742 |  1235 ||  2334
Block: Other             |       |       |    28 |   201 |    39 |       ||   268
       Reflection        |       |       |     2 |     1 |       |       ||     3

Table legend:
 A = Turns spent in this place as a percentage of turns spent in the entire game.
 B = Non-inter-level travel turns spent in this place as a percentage of non-inter-level travel turns spent in the entire game.
 C = Inter-level travel turns spent in this place as a percentage of turns spent in this place.
 D = Turns resting spent in this place as a percentage of non-inter-level travel turns spent in this place.
 E = Turns spent auto-exploring this place as a percentage of non-inter-level travel turns spent in this place.
 F = Non-inter-level travel turns spent in this place divided by the number of levels of this place that you've seen.
                   A       B       C       D       E      F
               +-------+-------+-------+-------+-------+----------------------
         Total | 100.0 | 100.0 |   8.2 |  17.5 |  37.2 | 1103.4
       Dungeon |  39.5 |  38.4 |  10.8 |  15.1 |  49.9 | 987.7
        Temple |   0.4 |   0.4 |  12.0 |   0.0 |  78.4 | 139.0
          Lair |  25.9 |  25.3 |  10.2 |  24.9 |  26.6 | 1629.7
        Shoals |   5.9 |   6.1 |   5.6 |  13.2 |  33.1 | 787.3
     Snake Pit |  11.9 |  12.4 |   4.4 |  13.9 |  40.6 | 1195.0
  Orcish Mines |   6.2 |   6.6 |   3.1 |  11.9 |  26.4 | 1265.5
        Vaults |   6.5 |   6.8 |   2.9 |   8.5 |  31.3 | 1317.0
     Labyrinth |   0.5 |   0.5 |   0.0 |   0.0 |   0.0 | 211.0
      Ice Cave |   3.3 |   3.5 |   0.0 |  44.0 |   1.9 | 1369.0
               +-------+-------+-------+-------+-------+----------------------

Vault maps used:
D:1:      minmay_arrival_jagged, evilmike_ruin_ashenzari
D:2:      elyvilon_altar_5, yredelemnul_altar_generic, first_ration
D:3:      gammafunk_temple_overflow_arena, lemuel_coloured_pillars_altar,
          dk_xom_monty_hall
D:4:      minmay_opposing_rooms, lemuel_round_altar
D:5:      uniq_eustachio, uniq_blork_the_orc
D:6:      kennysheep_slugbush, minmay_temple_entry_overgrown,
          kennysheep_big_empty_room, nicolae_tso_besieged_by_evil
D:7:      nicolae_ru_sacrificial_ziggurat, uniq_crazy_yiuf_cottage, uniq_joseph
D:8:      marbit_many_paths, due_lair_maze_entry_diamond
D:9:      lemuel_round_altar
D:10:     orc_0_dummy, grunt_livestock
D:12:     serial_co_window_serial, co_window_paths_a, co_window_corner_a,
          co_window_paths_b, co_window_paths_a, co_window_paths_a,
          co_window_corner_a, co_window_paths_b, co_window_cross_4,
          co_window_broadway_c, co_window_unsneaky_path_e, glass_columns_a,
          glass_columns_a, glass_columns_b, glass_columns_a, lightli_airlock,
          uniq_azrael
D:14:     erik_vaults_1, minmay_misc_feat_five
D:15:     grunt_enter_depths_snipers
Temple:   dshaligram_water_room_temple
Lair:1:   serial_bayou_shore_b, lemuel_fruit_fields, uniq_fannar
Lair:2:   serial_bayou_lagoon_a, infiniplex_staircase_pool
Lair:3:   elwin_shoals_entry_rocks, special_room
Lair:4:   guppyfry_snake_entry_garden, uniq_urug
Lair:5:   slime_altar_1, portal_ice_cave_entry_pillars_1,
          cheibrodos_lair_caveside_slide
Lair:6:   guppyfry_lair_end_dragon, hangedman_lair_in_review, lab_entry_generic,
          minivault_29
Shoals:1: nicolae_shoals_arrival_archipelago
Shoals:2: serial_shops, nicolae_shop_behind_doors
Shoals:3: serial_shops, shop
Snake:1:  st_stairs_12, minmay_shop_grove, uniq_aizul, uniq_asterion,
          uniq_nikola
Snake:2:  uniq_roxanne
Snake:4:  minmay_snake_end_coiled, serial_shops, nicolae_shop_window_shopping,
          serial_bayou_shore_b
Orc:2:    st_orc_congregation, serial_shops, nicolae_shop_window_shopping,
          minmay_orc_barracks
Vaults:1: nicolae_vaults_arrows, nicolae_vaults_theta, v_rooms_4,
          hangedman_vaults_capsules, nicolae_vaults_mini_display_case,
          v_misc_15, ontoclasm_vaults_hangar, vaults_room_stairs_pillars
Vaults:2: v_misc_5, vaults_dpeg_hooks, nicolae_vaults_triangles,
          nicolae_vaults_circle_grid_b, vaults_mumra_chevron_long,
          vaults_dpeg_ring, nicolae_vaults_little_squares_5
Lab:      labyrinth_watery, labyrinth_skeletal_remains, nicolae_lab_plus
IceCv:    ice_cave_caverns_02
